 Dungeon Crawl Stone Soup version 0.32-a0-705-g60f233581c (webtiles) character file.

Game seed: 13202516855254289473

458 mopl the Ruffian (level 7, -2/47 HPs)
             Began as a Djinni Shapeshifter on Mar 14, 2024.
             Was a High Priest of Uskayaw.
             Slain by Pikel
             ... wielding a +2 whip of electrocution
              (8 damage)
             ... on level 5 of the Dungeon.
             The game lasted 00:03:36 (3570 turns).

mopl the Ruffian (Djinni Shapeshifter)              Turns: 3570, Time: 00:03:37

Health: -2/47      AC:  8    Str: 21    XL:     7   Next: 27%
Gold:   258        EV:  7    Int: 12    God:    Uskayaw [*****.] SH:  0 Dex: 12

rFire   + +          .
                       - Unarmed
rCold   x . .        (no shield)
rNeg    . . .        e - +0 chain mail
rPois   ∞            (helmet currently unavailable)
rElec   .            (cloak currently unavailable)
rCorr   .            (gloves currently unavailable)
SInv    .            (boots unavailable)
Will    .....        (no amulet) Stlth
                     o - +6 ring of strength
HPRegen 0.27/turn    (no ring)
MPRegen 0.00/turn

%: infuse magic (-3 HP)
@: beast-form, flying
A: beast (slay +2), flying, sickness immunity, fire resistance 2, cold
vulnerability 1, float, innate caster, HP casting, extra vitality 1
a: Begin Untransformation, Renounce Religion, Stomp, Line Pass, Grand Finale


You were on level 5 of the Dungeon.
You worshipped Uskayaw.
Uskayaw was noncommittal.
You were a hulking beast.
You visited 1 branch of the dungeon, and saw 5 of its levels.

You collected 258 gold pieces.

Inventory:

Missiles
 n - 2 poisoned darts (quivered)
Armour
 e - a +0 chain mail (worn)
 p - a +0 cloak
Jewellery
 o - a +6 ring of strength (left hand)
Talismans
 c - a beast talisman (active)
 d - a flux talisman
 s - a serpent talisman
Scrolls
 f - 3 scrolls of teleportation {unknown}
 h - a scroll of poison {unknown}
 i - 3 scrolls of identify {unknown}
 j - a scroll of enchant weapon {unknown}
 l - a scroll of noise {unknown}
 r - a scroll of enchant armour {unknown}
Potions
 a - 2 potions of haste {unknown}
 b - a potion of lignification {!q}
 g - a potion of ambrosia {unknown}
 k - a potion of mutation {unknown}
 m - a potion of curing {unknown}
 q - a potion of resistance {unknown}


   Skills:
 + Level 1.3 Fighting
 - Level 2.1 Dodging
 * Level 5.7 Unarmed Combat
 + Level 0.6 Invocations
 * Level 4.9 Shapeshifting


You knew the following spells:

 Your Spells              Type           Power      Damage    Failure   Level
a - Foxfire               Conj/Fire      0%         2x1d4     95%         1
b - Call Imp              Summ           0%         N/A       99%         2
c - Fugue of the Fallen   Necr           0%         N/A       100%        3
Your spell library was empty.


Dungeon Overview and Level Annotations

Branches:
Dungeon (5/15)
 Temple: D:4-7

Altars:
Fedhas
Uskayaw
Zin
The Shining One

Annotations:
D:5 Pikel, Prince Ribbit


Innate Abilities, Weirdness & Mutations

You are a hulking beast.
Your limbs bulge with bestial killing power. (Slay +2)
You are flying.
You are immune to sickness and miasma.
You are immune to poison.
Your flesh is very heat resistant. (rF++)
You are vulnerable to cold. (rC-)
You float through the air rather than walking.
You learn spells naturally, not from books.
Your magical power is your life essence.
You have superior vitality. (+4 MHP)


Message History

You punch the hound!
The hound is severely wounded.
The hound barely misses you.
You can now merge with and destroy a victim.
You barely miss Pikel.
Pikel is lightly wounded.
You hit Pikel.
Pikel is moderately wounded.
You barely miss Pikel.
Pikel is moderately wounded.
Pikel hits you with a +2 whip of electrocution.
You are electrocuted!
You hit Pikel but do no damage. You punch Pikel, but do no damage.
Pikel is moderately wounded.
Pikel splashes around in the water.
You punch Pikel!
Pikel is heavily wounded.
Pikel hits you with a +2 whip of electrocution.
You hit Pikel.
Pikel is severely wounded.
Pikel hits you with a +2 whip of electrocution.
You barely miss Pikel.
Pikel is severely wounded.
Pikel splashes around in the water.
You hit Pikel but do no damage.
Pikel is heavily wounded.
Pikel hits you with a +2 whip of electrocution.
You closely miss Pikel.
Pikel is heavily wounded.
Pikel hits you with a +2 whip of electrocution.
You hit Pikel. You punch Pikel, but do no damage.
Pikel is severely wounded.
You hit Pikel but do no damage.
Pikel is severely wounded.
Pikel hits you with a +2 whip of electrocution!
* * * LOW HITPOINT WARNING * * *
You are electrocuted!
You die...
Pikel says, "Another soul for the market."
Your body falls in perfect tune with the rhythm.

##..# ###
.... ..#
#..# #.#
##..## #.#
#....# #.#
#...# #.#
#..h###<#
##..5Kh..#
#..#5###.#
#.##.# #.#
#.##.# #.#
5h.... ..#
......#
#.#
###.####
#.# #.#
#.# #.#


You could see Pikel, 2 lemures and a hound.

Vanquished Creatures
  A sky beast (D:5)
  2 lemures (D:5)
  A scorpion (D:4)
  A hound (D:4)
  A jelly (D:4)
  2 iguanas
  An orc wizard (D:4)
  5 adders
  2 ufetubi (D:4)
  6 dart slugs
  4 ribbon worms
  14 orcs
  7 bats
  7 endoplasms
  2 giant cockroaches
  6 goblins
  5 hobgoblins
  4 jackals (D:1)
  10 kobolds
  3 quokkas
  6 ball pythons
  6 frilled lizards
  3 rats (D:2)
99 creatures vanquished.

Notes
Turn   | Place    | Note
-------+----------+-------------------------------------------
     0 | D:1      | mopl the Djinni Shapeshifter began the quest for the Orb.
     0 | D:1      | Reached XP level 1. HP: 17/17 MP: 0/0
   193 | D:1      | Reached XP level 2. HP: 18/22 MP: 0/0
   338 | D:1      | Reached skill level 3 in Shapeshifting
   945 | D:2      | Reached XP level 3. HP: 27/27 MP: 0/0
   945 | D:2      | Learned a level 1 spell: Foxfire
  1383 | D:2      | Reached XP level 4. HP: 23/32 MP: 0/0
  1456 | D:2      | Reached skill level 4 in Unarmed Combat
  1621 | D:3      | Identified the +5 hand axe "Buov" {distort, Will- Int+8
                  | Dex-5 Stlth+}
  1759 | D:3      | You are sucked into a shaft and drop 2 floors!
  1759 | D:5      | Entered Level 5 of the Dungeon
  1855 | D:5      | Reached XP level 5. HP: 13/37 MP: 0/0
  1855 | D:5      | Learned a level 2 spell: Call Imp
  2086 | D:5      | Noticed Prince Ribbit
  2131 | D:4      | Reached skill level 4 in Shapeshifting
  2206 | D:4      | Reached XP level 6. HP: 40/42 MP: 0/0
  2240 | D:4      | Found a glowing silver altar of Zin.
  2265 | D:4      | Reached skill level 5 in Unarmed Combat
  3041 | D:3      | Found a blossoming altar of Fedhas.
  3041 | D:3      | Found a hide-covered altar of Uskayaw.
  3057 | D:3      | Became a worshipper of Uskayaw the Reveller
  3169 | D:3      | Reached * piety under Uskayaw
  3170 | D:3      | Reached XP level 7. HP: 40/47 MP: 0/0
  3170 | D:3      | Learned a level 3 spell: Fugue of the Fallen
  3395 | D:3      | Found a glowing golden altar of the Shining One.
  3527 | D:5      | Reached ** piety under Uskayaw
  3544 | D:5      | Noticed Pikel
  3549 | D:5      | Reached *** piety under Uskayaw
  3554 | D:5      | Reached **** piety under Uskayaw
  3559 | D:5      | Reached ***** piety under Uskayaw
  3570 | D:5      | Slain by Pikel

Illustrated notes

Levels and vault maps discovered:
D:1:      dpeg_arrival_three_same_balls, layout_basic
D:2:      layout_basic, minmay_diced_spiral
D:3:      layout_loops_ring, tso_altar,
          chequers_temple_overflow_statue_of_worship
D:4:      layout_loops_ring, mainiacjoe_overflow_six_doors_small
D:5:      layout_loops_ring, temple_green, uniq_eustachio, uniq_prince_ribbit1,
          uniq_pikel

Skill      XL: |  1  2  3  4  5  6 |
---------------+-------------------+-----
Shapeshifting  | 3 4 |  4.9
Unarmed Combat | 4 5 |  5.7
Fighting       | |  1.3
Dodging        | |  2.1
Invocations    | |  0.6

Action                     |  1- 3 |  4- 6 |  7- 9 || total
---------------------------+-------+-------+-------++-------
  Melee: Unarmed           |   113 |   165 |    53 ||   331
         Punch             |     3 |     4 |     4 ||    11
   Stab: Paralysed         |       |       |     1 ||     1
 Armour: Chain mail        |   127 |   113 |    26 ||   266
         Animal skin       |     1 |       |       ||     1
  Dodge: Dodged            |    45 |    51 |    10 ||   106

Table legend: (Time is in decaauts)
 A = Elapsed time spent in this place.
 B = Non-inter-level travel time spent in this place.
 C = Inter-level travel time spent in this place.
 D = Time resting spent in this place.
 E = Time spent auto-exploring this place.
 F = Levels seen in this place.
 G = Mean time per level.
                   A        B        C        D        E       F      G
               +--------+--------+--------+--------+--------+-----+--------+
         Total |   3541 |   3374 |    167 |    304 |   2426 |   5 |  708.2 |
       Dungeon |   3541 |   3374 |    167 |    304 |   2426 |   5 |  708.2 |
               +--------+--------+--------+--------+--------+-----+--------+

Top non-repeatable levels by time:
     D:1: 903 daAuts
     D:4: 859 daAuts
     D:3: 704 daAuts
     D:2: 680 daAuts
     D:5: 394 daAuts
